 Dungeon Crawl Stone Soup version 0.26.0-10-g1f06aea511 (webtiles) character file.

Game seed: 8516420009656369784

1299 jmlagarto the Magician (level 8, -4/57 HPs)
             Began as a Mummy Summoner on Jan 14, 2021.
             Was an Initiate of Sif Muna.
             Killed by divine providence
             ... invoked by an orc priest
              (15 damage)
             ... on level 7 of the Dungeon on Jan 15, 2021.
             The game lasted 00:34:18 (10492 turns).

jmlagarto the Magician (Mummy Summoner)            Turns: 10492, Time: 00:34:19

Health: -4/57      AC:  7    Str: 11    XL:     8   Next: 31%
Magic:  17/18      EV: 13    Int: 16    God:    Sif Muna [......]
Gold:   374        SH:  0    Dex: 13    Spells: 15/21 levels left

rFire    x . .     SeeInvis .   n - +2 hand crossbow (flame)
rCold    + . .     Faith    .   (no shield)
rNeg     + + +     Spirit   .   a - +0 robe
rPois    ∞         Reflect  .   (no helmet)
rElec    .         Harm     +   g - scarf {harm}
rCorr    .         Rampage  .   h - +1 pair of gloves
Will     +....                  c - +2 pair of boots
Stlth    +++.......             k - amulet of magic regeneration
HPRegen  0.19/turn              w - ring of stealth
MPRegen  0.41/turn              (no ring)

@: no status effects
A: no potions, fire vulnerability, cold resistance 1, negative energy resistance
3, torment resistance, unbreathing
a: Renounce Religion


You were on level 7 of the Dungeon.
You worshipped Sif Muna.
Sif Muna was noncommittal.
You visited 2 branches of the dungeon, and saw 8 of its levels.

You collected 435 gold pieces.
You spent 61 gold pieces at shops.

Inventory:

Hand Weapons
 f - a +1 mace of protection
 n - a +2 hand crossbow of flaming (weapon)
 u - a +2 short sword of protection
Missiles
 e - 15 boomerangs
 o - 28 poisoned darts
 p - 49 bolts (quivered ammo)
Armour
 a - a +0 robe (worn)
 c - a +2 pair of boots (worn)
 g - a scarf of harm (worn)
 h - a +1 pair of gloves (worn)
Jewellery
 d - an uncursed amulet of reflection
 k - an amulet of magic regeneration (around neck)
 w - a ring of stealth (left hand)
Wands
 r - a wand of flame (11)
 s - a wand of random effects (20)
Scrolls
 b - a scroll of immolation {unknown}
 i - 4 scrolls of teleportation
 j - 5 scrolls of remove curse
 l - a scroll of enchant armour
 m - a scroll of blinking
 t - 2 scrolls of amnesia
 v - a scroll of magic mapping {unknown}


   Skills:
 + Level 2.4 Fighting
 + Level 2.2 Maces & Flails
 + Level 2.0 Crossbows
 + Level 3.0 Dodging
 + Level 2.8 Stealth
 - Level 0.4 Shields
 + Level 7.0 Spellcasting
 - Level 0.3 Hexes
 + Level 5.4 Summonings


You had 15 spell levels left.
You knew the following spells:

 Your Spells              Type           Power        Failure   Level
a - Summon Small Mammal   Summ           92%          1%          1
b - Call Imp              Summ           23%          1%          2
c - Summon Guardian Gole  Hex/Summ       14%          12%         3

Your spell library contained the following spells:

 Spells                   Type           Power        Failure   Level
 Call Canine Familiar     Summ           23%          4%          3
 Summon Ice Beast         Ice/Summ       14%          38%         4
 Summon Lightning Spire   Summ/Air       14%          38%         4


Dungeon Overview and Level Annotations

Branches:
Dungeon (7/15)             Temple (1/1) D:5

Altars:
Ashenzari
Cheibriados
Dithmenos
Elyvilon
Fedhas
Gozag
Hepliaklqana
Kikubaaqudgha
Makhleb
Nemelex Xobeh
Okawaru
Qazlal
Ru
Sif Muna
Trog
Uskayaw
Wu Jian
Xom
Yredelemnul
Zin
The Shining One

Shops:
D:6 [((*!

Annotations:
D:6 1 runed translucent door


Innate Abilities, Weirdness & Mutations

You do not drink.
Your flesh is vulnerable to fire.
You are immune to poison.
Your flesh is cold resistant. (rC+)
You are immune to negative energy. (rN+++)
You are immune to unholy pain and torment.
You can survive without breathing.


Message History

Sif Muna accepts your kill.
Your crimson imp hits the orc priest but does no damage. x2
Your crimson imp hits the orc priest.
Your crimson imp blinks!
Fire: 49 bolts
Press: ? - help, Q - select action, (/) - cycle Shift-Dir - straight line, f - orc priest
Aim: an orc priest, wielding a +0 dagger and wearing a +0 leather armour (moderately wounded) Really fire in your crimson imp's direction? [Y]es or [N]o only, please.
Really fire in your crimson imp's direction?
Okay, then.
Casting: Call Imp (safe; 1% risk of failure)
Confirm with . or Enter, or press ? or * to list all spells.
The orc priest closely misses your rat. The orc priest closely misses your rat.
Your rat bites the orc priest.
Casting: Summon Small Mammal (safe; 1% risk of failure)
Confirm with . or Enter, or press ? or * to list all spells.
The orc priest calls down the wrath of Beogh upon you.
Beogh smites you!
You die...

#.#.######## ###
#.#........#
##.###.########.#
#......# #. ##.##### #.#
######.# ..> #.5orb.# #.#
#.###..# #.# #.# #.@#
####.# #.# #..#
....(######5# #..########
.(..(((.(.55# #..).......
.)..(#####..####.########
###### #.#.........<...
##..#######.#### ##.# #
#.#


You could see an orc priest, a friendly bat (summoned) and a friendly rat
(summoned).

Vanquished Creatures
  Eustachio (D:4)
  2 ice beasts (D:5)
  An ogre (D:5)
  A bullfrog (D:6)
  2 wights (D:7)
  2 hounds (D:5)
  An iguana (D:5)
  3 worker ants
  7 adders
  A white imp (D:5)
  A dart slug (D:1)
  3 orcs
  3 goblins
  4 hobgoblins
  A quokka (D:3)
  2 ball pythons (D:2)
  3 bats (D:1)
  2 frilled lizards
  A leopard gecko zombie (D:5)
  5 rats
46 creatures vanquished.

Vanquished Creatures (collateral kills)
  A sky beast (D:5)
  An ogre (D:7)
  A necrophage (D:6)
  A phantom (D:4)
  A centaur (D:7)
  3 wights (D:7)
  A nameless horror (D:6)
  An orc priest (D:3)
  A centaur skeleton (D:7)
  An orc wizard (D:3)
  3 worker ants
  A hound zombie (D:7)
  2 adders
  An adder skeleton (D:5)
  A worm (D:3)
  4 leopard geckos
  10 orcs
  4 giant cockroaches
  4 hobgoblins
  4 jackals
  A quokka (D:3)
  4 ball pythons
  3 bats
  2 frilled lizards
  5 goblins
  4 kobolds (D:3)
  A leopard gecko skeleton (D:5)
  7 rats
73 creatures vanquished.

Vanquished Creatures (others)
  2 orc warriors (D:6)
  3 wights (D:7)
  An orc wizard (D:6)
  5 worker ants (D:6)
  An orc (D:6)
  A giant cockroach (D:6)
  A quokka (D:7)
  5 plants
19 creatures vanquished.

Grand Total: 138 creatures vanquished

Notes
Turn   | Place    | Note
-------+----------+-------------------------------------------
     0 | D:1      | jmlagarto the Mummy Summoner began the quest for the Orb.
     0 | D:1      | Reached XP level 1. HP: 13/13 MP: 4/4
    61 | D:1      | Noticed an iguana
    61 | D:1      | Noticed a worker ant
    61 | D:1      | Noticed a fire giant
   657 | D:1      | Reached XP level 2. HP: 15/19 MP: 0/5
  1073 | D:1      | Reached skill level 3 in Spellcasting
  1604 | D:2      | Reached XP level 3. HP: 17/24 MP: 4/7
  2738 | D:2      | Learned a level 2 spell: Call Imp
  3146 | D:3      | Reached XP level 4. HP: 27/31 MP: 5/9
  4144 | D:3      | Reached skill level 4 in Spellcasting
  4222 | D:3      | Found a faded altar of an unknown god.
  4710 | D:4      | Reached XP level 5. HP: 33/36 MP: 8/11
  4750 | D:4      | Noticed a phantom
  4796 | D:4      | Killed a phantom
  5562 | D:4      | Noticed Eustachio
  5577 | D:4      | Killed Eustachio
  5578 | D:4      | Reached skill level 5 in Spellcasting
  5578 | D:4      | Reached XP level 6. HP: 39/42 MP: 2/14
  5780 | D:5      | Entered Level 5 of the Dungeon
  6430 | D:5      | Found a staircase to the Ecumenical Temple.
  6449 | D:5      | Noticed a sky beast
  6460 | Temple   | Entered the Ecumenical Temple
  6736 | Temple   | Became a worshipper of Sif Muna the Loreminder
  6817 | D:5      | Killed a sky beast
  6818 | D:5      | Reached skill level 1 in Maces & Flails
  6894 | D:5      | Learned a level 3 spell: Summon Guardian Golem
  6931 | D:5      | Reached skill level 6 in Spellcasting
  7112 | D:5      | Reached XP level 7. HP: 47/47 MP: 9/16
  7142 | D:5      | Reached skill level 5 in Summonings
  7536 | D:5      | Got an ancient robe
  7537 | D:5      | Identified the cursed +0 robe "Ceke" {Rampage rN+ Str-4}
                  | (You found it on level 5 of the Dungeon)
  7594 | D:5      | Reached skill level 1 in Fighting
  7594 | D:5      | Reached skill level 1 in Crossbows
  8084 | D:6      | Found Acracud's Antique Armour Boutique.
  8127 | D:6      | Found Pilymoiq's Weapon Emporium.
  8301 | D:6      | Found Yfent's Distillery.
  8327 | D:6      | Found Kiuclumn's General Store.
  8332 | D:6      | Bought 22 bolts for 61 gold pieces
  8352 | D:6      | Found Ciwaeda's Antique Weapon Shoppe.
  8868 | D:6      | Found a runed translucent door.
  8869 | D:6      | Found a runed translucent door.
  9764 | D:7      | Reached XP level 8. HP: 45/56 MP: 18/18
 10315 | D:7      | Reached skill level 7 in Spellcasting
 10492 | D:7      | Killed from afar by an orc priest

Illustrated notes

Levels and vault maps discovered:
D:1:      onia_arrival_zoo_common, layout_basic, serial_bayou_pond_b
D:2:      layout_loops_ring
D:3:      layout_basic, chequers_ecumenical_altar_simple_redux, serial_rivers,
          chequers_serial_rivers_large_b, chequers_serial_rivers_micro_b,
          chequers_serial_rivers_micro_a, chequers_serial_rivers_marsh,
          minmay_shallow_snake_nest
D:4:      layout_loops_corners, uniq_eustachio
D:5:      layout_basic, temple_green
D:6:      lemuel_insect_pit, layout_loops_corners, serial_shops, shop_fountains,
          nicolae_shop_behind_doors, shop, shop, shop
D:7:      layout_loops_ring, minmay_misc_feat_plants, serial_bayou_pond_b,
          trog_hazing_becter
Temple:   regret_index_temple_sigil_plot

Skill      XL: |  1  2  3  4  5  6  7  8 |
---------------+-------------------------+-----
Spellcasting   | 3 4 5 6 7 |  7.0
Dodging        | 2 3 |  3.0
Summonings     | 4 5 |  5.4
Maces & Flails | 1 2 |  2.2
Stealth        | 2 |  2.8
Fighting       | 1 2 |  2.4
Crossbows      | 1 2 |  2.0
Shields        | |  0.4
Hexes          | |  0.3

Action                   |  1- 3 |  4- 6 |  7- 9 || total
-------------------------+-------+-------+-------++-------
Melee: Unarmed           |    30 |       |       ||    30
       Mace              |    79 |    49 |   113 ||   241
 Fire: Hand crossbow     |       |     6 |     5 ||    11
 Cast: Summon Small Mamm |    81 |    62 |    15 ||   158
       Call Imp          |     1 |    41 |    36 ||    78
       Summon Guardian G |       |     3 |    22 ||    25
  Use: Scroll            |     2 |     8 |     4 ||    14
 Stab: Sleeping          |     1 |       |     2 ||     3
Armor: Robe              |    54 |    22 |    64 ||   140
Dodge: Dodged            |   115 |    54 |   122 ||   291
Block: Other             |       |    10 |     6 ||    16
